AoeStats
← Erickinio

QS Arena

503518558Analyzed
1v1 RM · 1mo ago on Sep 1, 2026· 45m 22s· 2 players
Game mode
Random Map
Map size
Tiny (2 player)
Population
200
Speed
Normal
Resources
Standard
Victory
Conquest
Starting age
Dark Age
Ending age
Imperial Age
RankedLock teamsTeams togetherTeam positionsShared explorationLock speedFull tech treeHidden civsTurbo modeCheats
Victory
Defeat
🇦🇷 Celts · Argentina
815
+16
🇦🇷 Teutons · Argentina
821
-16
Erickinio
7:24 Feudal Age
8:06 Double-Bit Axe
10:08 Arson
10:32 Man-at-Arms
11:25 Forging
13:48 Loom
19:17 Fletching
21:44 Scale Mail Armor
23:49 Gold Mining
23:49 Stone Mining
28:25 Castle Age
28:31 Castle Age
26:59 Horse Collar
28:12 Padded Archer Armor
29:55 Bow Saw
29:53 Long Swordsman
30:19 Gambesons
31:55 Wheelbarrow
32:35 Chain Mail Armor
32:33 Treadmill Crane
33:10 Bodkin Arrow
33:43 Heavy Plow
34:16 Masonry
35:11 Murder Holes
35:38 Hand Cart
36:37 Iron Casting
37:40 Stone Shaft Mining
40:26 Imperial Age
39:28 Fortified Wall
39:22 Pikeman
40:34 Ballistics
40:30 Leather Archer Armor
40:18 Stronghold
41:42 Conscription
40:46 Two-Handed Swordsman
41:19 Elite Skirmisher
43:26 Plate Mail Armor
42:50 Onager
44:19 Furor Celtica
45:14 Halberdier
45:16 Champion
l.abernardi93
8:12 Feudal Age
8:46 Double-Bit Axe
15:22 Castle Age
13:52 Stone Mining
16:39 Wheelbarrow
20:11 Loom
34:08 Hand Cart
36:49 Fletching
37:31 Horse Collar
40:38 Imperial Age
38:42 Bodkin Arrow
39:15 Heavy Plow
39:27 Bow Saw
43:11 Scale Barding Armor
43:38 Bloodlines
43:13 Cavalier
44:35 Forging
Connection lost

Rejoining the realm…

Still unreachable

The connection could not be restored.

Session expired

The server has moved on; the page needs a fresh start.